 Dungeon Crawl Stone Soup version 0.32-a0-391-gce5c0aab1b (webtiles) character file.

Game seed: 9628487175781346274

113 vulpzor the Sneak (level 4, -4/24 HPs)
             Began as a Gargoyle Enchanter on Feb 19, 2024.
             Was an Initiate of Ashenzari.
             Slain by an ancient zyme (6 damage)
             ... on level 3 of the Dungeon.
             The game lasted 00:12:21 (2160 turns).

vulpzor the Sneak (Gargoyle Enchanter)              Turns: 2160, Time: 00:12:22

Health: -4/24      AC: 11    Str: 13    XL:     4   Next: 96%
Magic:  7/7        EV: 11    Int: 16    God:    Ashenzari [......]
Gold:   176        SH:  0    Dex: 10    Spells: 8/8 levels left

rFire   + . .        g - +0 falchion
rCold   x . .        (no shield)
rNeg    + . .        l - +2 leather armour {Will+}
rPois   ∞            (no helmet)
rElec   +            m - scarf {harm}
rCorr   .            (no gloves)
SInv    .            p - +2 pair of boots
Will    ++...        (no amulet)
Stlth   ++           f - ring of willpower
HPRegen 0.24/turn    k - ring of fire
MPRegen 0.10/turn

%: harm (+30% outgoing, +20% incoming)
@: no status effects
A: sickness immunity, AC +3, negative energy resistance 1, electricity
resistance, torment resistance 1, petrification resistance
a: Renounce Religion, Curse Item


You were on level 3 of the Dungeon.
You worshipped Ashenzari.
Ashenzari was noncommittal.
You visited 1 branch of the dungeon, and saw 3 of its levels.

You collected 176 gold pieces.

Inventory:

Hand Weapons
 a - a +1 dagger
 g - a +0 falchion (weapon)
Missiles
 d - a poisoned dart (quivered)
Armour
 b - a +0 robe
 e - a +0 chain mail
 i - a +0 scale mail
 j - a +0 cloak
 l - a +2 leather armour of willpower (worn)
 m - a scarf of harm (worn)
 p - a +2 pair of boots (worn)
Jewellery
 f - a ring of willpower (left hand)
 k - a ring of fire (right hand)
Scrolls
 r - a scroll of identify
 s - a scroll of summoning {unknown}
 t - 2 scrolls of silence {unknown}
Potions
 c - 2 potions of invisibility
 h - 3 potions of heal wounds
 n - a potion of curing {unknown}
 o - a potion of lignification {unknown}
 q - a potion of ambrosia {unknown}


   Skills:
 + Level 1.8 Short Blades
 + Level 2.3 Dodging
 + Level 4.1 Stealth
 + Level 2.6 Spellcasting
 + Level 3.2 Hexes


You had 8 spell levels left.
You didn't know any spells.
Your spell library contained the following spells:

 Spells                   Type           Power      Damage    Failure   Level
 Ensorcelled Hibernation  Hex/Ice        14%        N/A       19%         2
 Confusing Touch          Hex            12%        N/A       19%         3
 Tukima's Dance           Hex            12%        N/A       19%         3
 Dazzling Flash           Conj/Hex       14%        N/A       36%         3


Dungeon Overview and Level Annotations

Branches:
Dungeon (3/15)

Altars:
Ashenzari
Fedhas

Portals:
Abyss: D:3

Annotations:
D:3 1 transporter, hipposaver's ghost, amateur DjCj


Innate Abilities, Weirdness & Mutations

You are immune to sickness and miasma.
Your stone body is resilient. (AC +3)
You are immune to poison.
You resist negative energy. (rN+)
You are resistant to electric shocks. (rElec)
You are resistant to unholy torment.
You are immune to petrification.


Message History

You now have 176 gold pieces (gained 15).
Found a book of the Senses.
t - 2 scrolls labelled TEXYRIROCA (gained 1)
There is a transporter here.
There is a transporter here.
You enter the transporter and appear at another place.
Hipposaver's ghost turns its malevolent gaze towards you.
You can't go up here!
You can't go down here!
There are monsters nearby!
You throw a poisoned dart.
The poisoned dart barely misses the ancient zyme.
There are monsters nearby!
The shadow imp gestures at you. You resist with almost no effort.
The shadow imp misses you. The ancient zyme barely misses you.
The ancient zyme hits you but does no damage.
You barely miss the shadow imp. The shadow imp closely misses you.
The ancient zyme closely misses you. x2
You closely miss the shadow imp. The shadow imp barely misses you.
The ancient zyme hits you but does no damage.
The ancient zyme closely misses you. The shadow imp barely misses you.
The gnoll hits you but does no damage.
You hit the shadow imp.
The shadow imp is lightly wounded.
The ancient zyme closely misses you. The ancient zyme hits you.
The gnoll closely misses you.
The shadow imp hits you but does no damage.
The ancient zyme barely misses you.
The ancient zyme hits you but does no damage.
You hit the shadow imp.
The shadow imp is heavily wounded.
The gnoll hits you with a +2 flail of distortion.
Space warps horribly around you!
Ouch! That really hurt!
* * * LOW HITPOINT WARNING * * *
The shadow imp barely misses you.
The ancient zyme hits you but does no damage.
The ancient zyme hits you.
You die...

.............#*,,,#..#©.#..#....#
..#.####..<..#,,**#.##..##.##...#
...).........##,*,#**...#*,*#...#
....).##......#*..*..:.##,,*#...#
....#.........###:##.###.,,##..##
....##.###...##.#,.###x..###...#
....##.####..#©.#.#......#.....#
.....#....#..##5##..#.##.##....#
####.####.....##@#..∩(..#,##...##
.**#...........#gx..####.#,##...#
.>*#..........###..##..#,.#.#...#
..............#.©###...###.##...#
..####........####.......###....#
,,,.............................#
,,*###..........................#
,,* #........#########...#.##..#
,,* #........# #........##


You could see an ancient zyme, a gnoll and a shadow imp.

Vanquished Creatures
  A gnoll (D:1)
  3 adders
  2 dart slugs (D:1)
  2 ribbon worms (D:2)
  5 orcs (D:3)
  3 endoplasms
  8 goblins
  3 hobgoblins (D:1)
  2 ball pythons
  2 bats
  2 frilled lizards
  4 kobolds
  A rat (D:2)
38 creatures vanquished.

Notes
Turn   | Place    | Note
-------+----------+-------------------------------------------
     0 | D:1      | vulpzor the Gargoyle Enchanter began the quest for the Orb.
     0 | D:1      | Reached XP level 1. HP: 10/10 MP: 3/3
    49 | D:1      | Reached skill level 1 in Short Blades
   192 | D:1      | Reached XP level 2. HP: 10/15 MP: 5/5
   568 | D:1      | Reached XP level 3. HP: 5/19 MP: 6/6
  1160 | D:2      | Reached XP level 4. HP: 24/24 MP: 7/7
  1329 | D:2      | Found a broken altar of Ashenzari.
  1339 | D:2      | Became a worshipper of Ashenzari the Shackled
  1421 | D:2      | Reached skill level 4 in Stealth
  1792 | D:3      | Found a blossoming altar of Fedhas.
  2044 | D:3      | Found a transporter.
  2073 | D:3      | Noticed an ancient zyme
  2074 | D:3      | Noticed hipposaver's ghost (amateur DjCj)
  2080 | D:3      | Found a one-way gate to the infinite horrors of the Abyss.
  2089 | D:3      | Noticed a small abomination
  2124 | D:3      | Found a transporter.
  2160 | D:3      | Slain by an ancient zyme

Illustrated notes

Levels and vault maps discovered:
D:1:      grunt_arrival_crossed_arrows, layout_loops_corners
D:2:      layout_loops_ring, basic_altar
D:3:      layout_rooms, amcnicky_altar_gilded, gammafunk_ghost_abyssal_escape

Skill      XL: |  1  2  3  4 |
---------------+-------------+-----
Short Blades   | 1 |  1.8
Hexes          | 3 |  3.2
Dodging        | 2 |  2.3
Stealth        | 4 |  4.1
Spellcasting   | |  2.6

Action                     |  1- 3 |  4- 6 || total
---------------------------+-------+-------++-------
  Melee: Dagger            |    38 |       ||    38
         Falchion          |    50 |   107 ||   157
  Throw: Dart              |       |     1 ||     1
    Use: Scroll            |       |     6 ||     6
   Stab: Sleeping          |       |     1 ||     1
 Armour: Robe              |     7 |       ||     7
         Chain mail        |    48 |       ||    48
         Leather armour    |    15 |   101 ||   116
  Dodge: Dodged            |    31 |    93 ||   124

Table legend: (Time is in decaauts)
 A = Elapsed time spent in this place.
 B = Non-inter-level travel time spent in this place.
 C = Inter-level travel time spent in this place.
 D = Time resting spent in this place.
 E = Time spent auto-exploring this place.
 F = Levels seen in this place.
 G = Mean time per level.
                   A        B        C        D        E       F      G
               +--------+--------+--------+--------+--------+-----+--------+
         Total |   2195 |   2195 |      0 |      0 |   1185 |   3 |  731.7 |
       Dungeon |   2195 |   2195 |      0 |      0 |   1185 |   3 |  731.7 |
               +--------+--------+--------+--------+--------+-----+--------+

Top non-repeatable levels by time:
     D:1: 1025 daAuts
     D:2: 780 daAuts
     D:3: 390 daAuts
